Map: Shrines of Lizul

Players

Throwfordays

  • Race: Protoss Protoss
  • League: Bronze
  • Spawn Location: 3:00

Faust

  • Race: Zerg Zerg
  • League: Diamond
  • Spawn Location: 12:00

LegoKing

  • Race: Protoss Protoss
  • Spawn Location: 6:00

SteFan

  • Race: Terran Terran
  • League: Gold
  • Spawn Location: 9:00

VOD

Have the link to the VOD?

Description

Time

  • Played on: Jan. 29, 2019, 6:18 p.m.
  • Length: 13:40
Show
View Real Time Build Order
Export as new Build Order

Throwfordays Protoss 

Build Orders: 1 Gate Expand 

Get SALT Encoding   

  12  0:03  Probe  
  13  0:15  Probe  
  13  0:20  Pylon  
  14  0:27  Probe  
  15  0:39  Probe  
  15  0:40  Gateway  
  16  0:48  Assimilator  
  16  0:51  Probe  
  17  1:03  Probe  
  18  1:15  Probe  
  19  1:27  Cybernetics Core, Probe  
  20  1:40  Nexus  
  20  1:43  Warp Gate  
  20  1:47  Pylon  
  20  2:05  Forge  
  20  2:08  Protoss Ground Weapons Level 1  
  20  2:10  Pylon  
  20  2:27  Adept  
  22  2:32  Gateway  
  22  2:40  Assimilator  
  22  2:57  Adept  
  24  3:03  Twilight Council  
  24  3:04  Probe  
  25  3:10  Probe  
  25  3:11  Pylon  
  25  3:16  Probe  
  25  3:18  Probe  
  28  3:27  Probe  
  28  3:28  Probe  
  30  3:37  Adept  
  30  3:39  Protoss Ground Weapons Level 2, Probe  
  33  3:43  Resonating Glaives  
  34  3:48  Probe  
  34  3:51  Probe  
  35  4:00  Probe  
  36  4:03  Probe  
  37  4:12  Probe  
  37  4:16  Probe  
  39  4:22  Adept  
  41  4:24  Probe  
  41  4:25  Adept  
  41  4:28  Probe  
  45  4:32  Gateway  
  45  4:37  Probe  
  46  4:40  Probe  
  46  4:42  Gateway  
  47  4:49  Probe  
  47  4:52  Probe  
  49  5:02  Pylon  
  49  5:08  Adept  
  49  5:09  Adept  
  52  5:36  Probe  
  53  6:02  Adept x2  
  53  6:03  Adept x2  
  46  6:24  Adept  
  46  6:25  Adept x3  
  38  6:46  Adept x4  
  26  7:07  Stalker  
  28  7:08  Stalker x2  
  28  7:09  Stalker  
  28  7:23  Gateway  
  28  7:24  Gateway  
  28  7:26  Gateway  
  28  7:35  Stalker x2  
  28  7:36  Stalker x2  
  28  8:00  Stalker  
  28  8:01  Stalker  
  22  8:20  Stalker x2  
  22  8:23  Stalker  
  26  8:28  Stalker  
  28  8:45  Probe  
  29  8:48  Probe  
  29  8:54  Assimilator  
  29  8:55  Probe  
  30  8:56  Assimilator  
  30  9:01  Probe  
  32  9:03  Probe  
  33  9:11  Pylon, Probe  
  33  9:13  Probe  
  33  9:14  Pylon  
  35  9:17  Pylon  
  35  9:23  Probe  
  36  9:25  Probe  
  37  9:33  Stalker  
  37  9:34  Stalker x2  
  37  9:35  Stalker x2, Probe  
  37  9:37  Probe  
  49  9:44  Probe  
  49  9:46  Probe  
  51  9:53  Probe  
  51  9:54  Probe  
  53  10:01  Stalker x3  
  53  10:02  Probe  
  53  10:03  Probe  
  40  10:14  Probe  
  40  10:15  Probe  
  42  10:26  Probe  
  43  10:31  Probe  
  44  10:43  Probe  
  45  10:53  Pylon  
  45  10:55  Probe  
  46  11:04  Probe  
  47  11:07  Probe  
  48  11:16  Probe  
  49  11:27  Probe  
  49  11:28  Probe  
  51  11:39  Probe  
  52  11:40  Probe  
  53  11:51  Probe  
  53  11:52  Probe  
  45  11:55  Photon Cannon  
  45  11:57  Photon Cannon  
  37  12:03  Robotics Facility  
  37  12:04  Probe  
  27  12:16  Probe  
  27  12:40  Probe  
  28  13:03  Probe  
Show
View Real Time Build Order
Export as new Build Order

Faust Zerg 

Build Orders: Pool First 

Get SALT Encoding   

  12  0:01  Drone  
  13  0:09  Drone  
  14  0:20  Extractor, Drone  
  15  0:22  Overlord  
  15  0:39  Spawning Pool  
  15  0:41  Drone  
  15  0:45  Extractor  
  14  0:55  Drone  
  15  0:57  Drone  
  15  1:00  Drone  
  17  1:12  Overlord  
  17  1:26  Queen  
  17  1:27  Zergling x2  
  20  1:33  Zergling x2  
  20  1:39  Zergling x2  
  22  1:49  Metabolic Boost  
  22  2:09  Zergling x4  
  24  2:26  Hatchery  
  23  2:36  Zergling x6  
  23  2:37  Zergling x2  
  26  2:46  Drone  
  26  2:52  Zergling x2  
  24  3:18  Zergling x2  
  24  3:19  Zergling x6  
  28  3:27  Zergling x2  
  27  3:44  Drone x3  
  30  3:50  Drone  
  30  3:51  Queen  
  30  3:53  Queen  
  35  4:05  Overlord  
  35  4:06  Overlord x2  
  35  4:27  Drone x3  
  35  4:28  Drone x2  
  40  4:39  Extractor, Drone  
  40  4:40  Drone x3  
  40  4:41  Extractor  
  42  4:49  Drone  
  42  4:50  Drone  
  42  4:52  Baneling Nest  
  43  4:54  Drone  
  43  4:56  Extractor  
  41  5:13  Hatchery  
  40  5:15  Zergling x14  
  47  5:29  Lair  
  47  5:30  Drone x5  
  47  5:33  Drone  
  52  5:58  Overlord x2  
  52  6:00  Baneling  
  52  6:01  Baneling  
  52  6:02  Baneling  
  52  6:07  Overlord x3  
  52  6:21  Evolution Chamber  
  51  6:26  Drone  
  52  6:36  Zergling x2, Baneling x2  
  52  6:37  Zergling x10  
  58  6:41  Queen  
  60  6:47  Drone x2  
  60  6:48  Drone  
  60  6:49  Drone  
  60  6:50  Drone  
  59  7:06  Zergling x2  
  59  7:07  Zergling x6  
  58  7:11  Baneling  
  58  7:12  Baneling x2  
  58  7:14  Zerg Melee Weapons Level 1  
  58  7:16  Drone x4  
  58  7:17  Queen  
  58  7:22  Drone x3  
  64  7:30  Baneling x2  
  64  7:31  Zergling x4, Baneling x3  
  64  7:32  Zergling x4  
  68  7:38  Hydralisk Den  
  68  7:43  Roach Warren, Overlord x2  
  60  7:59  Zergling x12  
  60  8:00  Zergling x2  
  60  8:01  Zergling x4  
  60  8:02  Zergling x2  
  60  8:03  Zergling x2  
  65  8:14  Zergling x2  
  65  8:15  Zergling x16  
  67  8:37  Baneling x3  
  67  8:39  Roach  
  67  8:40  Roach x6  
  67  8:41  Roach  
  80  8:51  Baneling x2  
  80  8:52  Baneling x3, Hydralisk x8  
  96  9:01  Drone x2  
  98  9:12  Burrow  
  98  9:13  Muscular Augments  
  98  9:20  Drone x3  
  98  9:21  Drone x3  
  104  9:25  Extractor  
  99  10:10  Roach x7  
  99  10:12  Overlord  
  99  10:14  Overlord x4  
  113  10:21  Glial Reconstitution  
  113  10:23  Zerg Missile Weapons Level 1  
  113  10:24  Grooved Spines  
  113  10:42  Spire  
  113  10:47  Infestation Pit  
  111  10:54  Roach  
  111  10:55  Roach x18  
  147  10:59  Hydralisk  
  147  11:00  Hydralisk x4  
  152  11:13  Drone x3  
  152  11:14  Overlord x3  
  152  11:15  Overlord  
  152  11:23  Drone x2  
  154  11:45  Infestation Pit  
  152  11:49  Overseer  
  58  12:03  Zergling x2  
  58  12:04  Zergling x28  
  58  12:08  Zergling x4  
  56  12:11  Zergling x6  
  56  12:13  Overlord  
  56  12:14  Overlord x2  
  51  12:20  Zergling x4  
  51  12:21  Zergling x4  
  48  12:33  Pneumatized Carapace  
  42  12:43  Baneling x5  
  42  12:44  Baneling  
  36  12:47  Overseer  
  30  12:56  Baneling x12  
  30  12:58  Drone  
  30  12:59  Drone x3  
  30  13:00  Drone  
  30  13:04  Drone  
Show
View Real Time Build Order
Export as new Build Order

LegoKing Protoss 

Build Orders: Mass Adepts 

Get SALT Encoding   

  12  0:01  Probe  
  13  0:13  Probe  
  14  0:18  Pylon  
  14  0:25  Probe  
  15  0:37  Probe  
  15  0:40  Gateway  
  16  0:47  Probe  
  16  0:52  Assimilator  
  17  0:58  Probe  
  18  1:14  Probe  
  18  1:15  Gateway  
  19  1:21  Pylon  
  19  1:22  Probe  
  19  1:31  Cybernetics Core  
  20  1:44  Probe  
  21  1:53  Assimilator  
  21  1:56  Probe  
  21  1:58  Adept  
  21  2:08  Adept, Probe, Warp Gate  
  26  2:20  Probe  
  27  2:24  Twilight Council  
  27  2:27  Adept  
  29  2:32  Probe  
  30  2:45  Pylon  
  30  2:47  Probe  
  31  3:03  Adept  
  33  3:16  Adept, Resonating Glaives  
  33  3:17  Pylon  
  29  3:25  Probe  
  30  3:31  Gateway  
  30  3:32  Shield Battery  
  30  3:43  Adept  
  30  3:46  Adept, Probe  
  35  3:58  Probe  
  36  4:12  Adept  
  38  4:20  Pylon  
  38  4:22  Pylon  
  38  4:24  Pylon  
  38  4:42  Adept x2  
  42  4:54  Robotics Facility  
  42  5:04  Stalker  
  42  5:05  Adept  
  46  5:09  Nexus  
  46  5:10  Adept  
  48  5:28  Adept x2  
  52  5:31  Adept, Warp Prism  
  50  6:23  Adept x3  
  50  6:54  Adept  
  50  6:55  Adept x2  
  42  7:20  Gateway  
  42  7:22  Gateway  
  42  7:23  Pylon  
  42  7:27  Gateway  
  42  7:28  Adept x3  
  48  7:33  Gateway  
  48  7:49  Adept  
  48  7:59  Adept x2  
  48  8:06  Probe x2  
  48  8:07  Gateway  
  48  8:09  Gateway  
  46  8:18  Probe x2  
  46  8:19  Adept x4  
  52  8:30  Probe  
  45  8:47  Adept  
  45  8:48  Adept x5  
  53  8:51  Probe  
  58  9:08  Nexus  
  58  9:20  Adept x2  
  58  9:22  Adept  
  64  9:30  Dark Shrine  
  64  9:50  Adept x6  
  64  10:24  Assimilator x2  
  64  10:25  Probe x2  
  66  10:35  Adept x4  
  70  10:36  Adept x2  
  70  10:37  Probe x2  
  70  10:40  Adept  
  82  10:49  Probe x2  
  70  11:23  Dark Templar x2  
  70  11:24  Dark Templar x5  
  78  12:36  Dark Templar x3  
  78  12:37  Dark Templar x2  
  88  12:46  Probe  
  88  12:47  Probe x2  
  85  12:58  Probe  
  85  12:59  Probe x2  
  85  13:04  Dark Templar, Archon  
  90  13:11  Probe x3  
  90  13:12  Archon x3  
  93  13:17  Adept x3  
  93  13:18  Adept  
  101  13:25  Pylon  
  101  13:28  Pylon  
  101  13:29  Pylon  
  101  13:31  Pylon  
Show
View Real Time Build Order
Export as new Build Order

SteFan Terran 

Build Orders: Reaper Expand 

Get SALT Encoding   

  12  0:01  SCV  
  13  0:13  SCV  
  14  0:19  Supply Depot  
  14  0:25  SCV  
  15  0:42  Barracks  
  15  0:44  Refinery  
  15  0:45  SCV  
  16  0:57  SCV  
  17  1:29  SCV  
  17  1:30  Command Center  
  17  1:32  Reaper  
  19  1:56  Supply Depot  
  19  1:58  Orbital Command  
  19  2:16  Barracks Reactor  
  17  2:39  SCV  
  18  2:46  Barracks  
  18  2:51  SCV  
  18  2:57  Marine x2  
  21  3:03  SCV  
  22  3:10  Factory  
  22  3:15  Marine x2, SCV  
  25  3:23  Orbital Command  
  25  3:33  Marine x2  
  25  3:50  Barracks Tech Lab  
  25  3:51  Marine  
  25  3:52  SCV  
  25  3:55  Starport, Factory Reactor  
  27  3:59  Marine  
  27  4:00  Supply Depot, SCV  
  29  4:09  Marine  
  29  4:29  Orbital Command  
  28  4:39  Supply Depot  
  28  4:40  Medivac x2  
  28  4:42  Marine  
  33  4:56  Marine x2  
  33  4:59  Marine  
  36  5:14  Marine x2  
  36  5:17  Marine  
  39  5:32  Marine x2  
  39  5:33  Supply Depot  
  39  5:35  Marine  
  40  5:50  Marine  
  41  6:07  SCV  
  41  6:10  Marine x3, Supply Depot  
  41  6:11  Combat Shield  
  45  6:18  SCV  
  46  6:19  SCV  
  46  6:24  Medivac  
  49  6:28  Marine  
  49  6:30  SCV  
  49  6:31  SCV  
  52  6:42  SCV  
  52  6:43  SCV  
  54  6:52  Marine x2  
  54  6:53  Marine  
  57  6:54  SCV  
  57  6:55  Refinery, SCV  
  57  6:57  Supply Depot  
  59  7:06  SCV  
  60  7:10  Marine x2  
  60  7:11  Marine  
  59  7:28  Marine  
  56  7:34  Marine x2  
  57  7:37  Supply Depot, Medivac  
  59  7:46  Marine  
  55  7:52  Marine x2  
  55  7:54  Stimpack  
  50  8:04  Marine  
  50  8:09  Marine  
  50  8:10  Marine  
  50  8:12  SCV x2  
  54  8:22  Marine  
  54  8:24  SCV x2  
  57  8:27  Marine x2  
  57  8:31  Barracks  
  57  8:34  Barracks, Engineering Bay  
  57  8:36  SCV x2  
  57  8:37  Command Center  
  57  8:40  Engineering Bay  
  59  8:42  Supply Depot, Medivac x2  
  59  8:44  Marine  
  59  8:45  Marine x2  
  59  8:48  SCV x2  
  66  8:55  Refinery  
  66  9:02  Marine  
  67  9:03  Marine x2  
  67  9:09  Supply Depot  
  69  9:10  Factory Tech Lab  
  69  9:14  Terran Infantry Weapons Level 1  
  69  9:15  Terran Infantry Armor Level 1  
  69  9:18  Medivac  
  69  9:19  Barracks Reactor, Marine  
  69  9:21  Marine x2  
  69  9:23  Refinery  
  74  9:33  Barracks Reactor  
  74  9:37  Marine  
  75  9:38  Marine  
  75  9:39  Marine  
  76  9:55  Marine x3  
  76  9:56  Marine  
  76  9:57  Marine  
  81  10:09  Liberator x2  
  81  10:13  Marine x3  
  90  10:14  Marine x2  
  92  10:31  Marine x3  
  92  10:32  Marine x2  
  92  10:34  Marine x2  
  99  10:48  Marine x2, Supply Depot  
  102  10:50  Marine x2  
  102  10:51  Marine  
  102  10:52  Marine  
  105  11:02  Marine  
  105  11:03  Marine  
  105  11:04  Raven  
  107  11:06  Marine  
  107  11:10  Marine x5  
  115  11:20  Marine x2  
  115  11:24  Marine  
  118  11:51  Marine x2, Command Center  
  118  11:52  Marine x4  
  93  12:08  Marine x2  
  92  12:09  Marine x2  
  92  12:10  Marine x4  
  99  12:25  Marine  
  99  12:26  Marine x2  
  99  12:27  Marine  
  99  12:28  Marine  
  104  12:31  Marine  
  104  12:32  Marine x2  
  104  12:34  Raven, Missile Turret  
  109  12:39  Factory Reactor  
  109  12:42  Starport  
  109  12:43  Marine  
  110  12:44  Marine x2  
  110  12:45  Marine  
  110  12:46  Marine  
  110  12:49  Marine x3  
  117  13:01  Marine  
  117  13:02  Marine  
Tags
 
Add a new tag
Caveats
  • Supply blocks, unpowered buildings, or Contaminate may cause inaccurate times.
  • Supply counts are checked every 10 seconds.